 Dungeon Crawl Stone Soup version 0.29-a0-830-gcb1280458a (webtiles) character file.

Game seed: 6429743029901031890

6122 frimble the Fighter (level 10, 0/90 HPs)
             Began as a Demonspawn Ice Elementalist on July 12, 2022.
             Was a Priest of Cheibriados.
             Slain by an orc warlord
             ... wielding a +4 battleaxe
              (31 damage)
             ... in a bailey.
             The game lasted 00:12:52 (8573 turns).

frimble the Fighter (Demonspawn Ice Elementalist)   Turns: 8573, Time: 00:12:53

Health: 0/90       AC: 13    Str: 16    XL:     10   Next: 59%
Magic:  4/13       EV: 12    Int: 30    God:    Cheibriados [***...]
Gold:   482        SH:  0    Dex: 20    Spells: 3/13 levels left

rFire   + . .      SeeInvis .   w - +9 short sword of Arbitration {vorpal, rF+}
rCold   . . .      Faith    .   (no shield)
rNeg    . . .      Spirit   .   a - +0 robe
rPois   .          Reflect  .   (helmet restricted)
rElec   .          Harm     .   C - +0 cloak
rCorr   .          Rampage  .   (no gloves)
Will    .....                   h - +1 pair of boots
Stlth   +++.......              (no amulet)
HPRegen 0.25/turn               e - ring of wizardry
MPRegen 0.13/turn               (no ring)

@: mighty, ice-armoured, freezing walls, very slow
A: antennae 1, demonic guardian 1, ignite blood 1, big brain 1
a: Renounce Religion, Bend Time, Temporal Distortion


You were in a bailey.
You worshipped Cheibriados.
Cheibriados was most pleased with you.
You visited 2 branches of the dungeon, and saw 8 of its levels.
You also visited: Bailey.

You collected 482 gold pieces.

Inventory:

Hand Weapons
 w - the +9 short sword of Arbitration (weapon) {vorpal, rF+}
   (You found it on level 4 of the Dungeon)

   It inflicts extra damage upon your enemies.
   rF:        It protects you from fire.
Missiles
 c - a throwing net
 k - 24 poisoned darts
 x - 2 javelins
Armour
 a - a +0 robe (worn)
 h - a +1 pair of boots (worn)
 u - a +0 helmet
 y - a +0 kite shield
 C - a +0 cloak (worn)
Jewellery
 e - a ring of wizardry (left hand)
 n - an amulet of faith
Wands
 t - a wand of paralysis (13)
 B - a wand of flame (5)
Scrolls
 g - 2 scrolls of teleportation
 i - 3 scrolls of magic mapping
 q - a scroll of immolation
 A - a scroll of amnesia
Potions
 b - 2 potions of magic
 d - 2 potions of cancellation
 f - 7 potions of haste
 j - a potion of brilliance
 l - a potion of degeneration
 m - a potion of curing
 o - a potion of might
 p - a potion of mutation
 r - a potion of invisibility {unknown}
 z - a potion of flight


   Skills:
 - Level 12.4 Fighting
 + Level 6.4 Short Blades
 - Level 1.8 Dodging
 - Level 5.2 Stealth
 - Level 2.0 Spellcasting
 + Level 2.5 Summonings
 + Level 7.7 Ice Magic


You had 3 spell levels left.
You knew the following spells:

 Your Spells              Type           Power      Damage    Failure   Level
b - Frozen Ramparts       Ice            98%        1d11      1%          3
c - Ozocubu's Armour      Ice            49%        N/A       1%          3
d - Summon Ice Beast      Ice/Summ       33%        N/A       4%          4

Your spell library contained the following spells:

 Spells                   Type           Power      Damage    Failure   Level
 Freeze                   Ice            100%       1d11      1%          1
 Poisonous Vapours        Pois/Air       6%         N/A       4%          2
 Scorch                   Fire           6%         2d5       4%          2
 Static Discharge         Conj/Air       3%         3-4/arc   4%          2
 Mephitic Cloud           Conj/Pois/Air  3%         N/A       10%         3
 Hailstorm                Conj/Ice       26%        3d7       6%          4
 Corpse Rot               Necr/Pois/Air  3%         N/A       30%         4
 Dispel Undead            Necr           3%         3d7       30%         4
 Flame Wave               Conj/Fire      3%         2d4       30%         4
 Sticky Flame             Conj/Fire      3%         2d3       30%         4
 Summon Cactus Giant      Summ           9%         N/A       83%         6
 Maxwell's Capacitive Co  Air            1%         ∞         100%        8


Dungeon Overview and Level Annotations

Branches:
Dungeon (7/15)             Temple (1/1) D:4          Bailey (1/1)

Altars:
Ashenzari
Cheibriados
Dithmenos
Gozag
Hepliaklqana
Kikubaaqudgha
Makhleb
Nemelex Xobeh
Okawaru
Qazlal
Ru
Sif Muna
Uskayaw
Vehumet
Wu Jian
Yredelemnul

Annotations:
D:3 exclusion: ice beast
D:5 3 runed translucent doors, jlumianski's ghost, novice DsFi


Innate Abilities, Weirdness & Mutations

You have a pair of small antennae on your head.
A weak demonic guardian rushes to your aid.
Your demonic aura sometimes causes spilled blood to erupt in flames.
You have an unusually large brain. (Int +2)


Message History

Aim: an orc warlord, wielding a +4 battleaxe and wearing a +0 chain mail (ally target) Attack!
Aiming: Paralyse
Press: ? - help, Shift-Dir - straight line, f/p - orc warlord
Aim: an orc warlord, wielding a +4 battleaxe and wearing a +0 chain mail (ally target, chance to affect: 17%)
Okay, then.
Unknown command.
Okay, then.
Unknown command.
You feel very mighty all of a sudden.
You puncture the orc warlord!
The orc warlord is lightly wounded.
The wall freezes the orc warlord.
The orc warlord hits you with a +4 battleaxe!!
The orc warlord hits your ice beast with a +4 battleaxe!!
You hit the orc warlord.
The orc warlord is lightly wounded.
Your ice beast hits the orc warlord but does no damage.
The wall freezes the orc warlord.
The orc warlord hits you with a +4 battleaxe!!
* * * LOW HITPOINT WARNING * * *
The orc warlord closely misses your ice beast.
As you read the scroll of fear, it crumbles to dust.
You assume a fearsome visage.
The orc warlord looks frightened!
Your ice beast hits the orc warlord but does no damage.
Your ice beast's attack snaps the orc warlord out of its fear.
The wall freezes the orc warlord.
The orc warlord hits you with a +4 battleaxe!!
* * * LOW HITPOINT WARNING * * *
A demonic guardian appears!
The orc warlord hits your ice beast with a +4 battleaxe!!
Your ice beast dies!
Your ice beast disappears in a puff of smoke!
Okay, then.
Unknown command.
You feel much better.
The orc warlord is engulfed in blazing flames.
The wall freezes the orc warlord.
The orc warlord hits you with a +4 battleaxe!!
You die...

8...##≈≈≈≈≈##().....##
.....#≈≈≈≈≈#.).8..8..##
.....#≈≈≈≈≈#)....)....#
8....'.....'..........#
...#########......8..)#
..##≈≈≈#≈≈≈####......##
..#≈=.....≈#≈≈#.....##
..#≈?........≈#.5..##
..##8.8...8.8≈##@..#
...#.........≈≈'o°.#
...#....∩....≈≈'...#
...#....o....≈≈'...#
(.##8.8...8.8≈##...#
).#≈?........≈#....##
..#≈}.....≈#≈≈#.....##
..##≈≈≈#≈≈≈####......##
..(#########.)....8...#


You could see an orc warlord (ally target) and a friendly quasit (summoned).

Vanquished Creatures
  A kobold demonologist (D:7)
  A hornet (D:6)
  Grinder (D:6)
  2 wyverns
  Menkaure (D:5)
  A water moccasin (D:7)
  4 orc warriors (Bailey)
  2 black bears
  2 sky beasts
  2 ogres
  3 phantoms
  2 centaurs (D:6)
  A kobold brigand (D:7)
  A necrophage (D:5)
  2 bullfrogs
  3 scorpions
  2 hounds
  A gnoll bouda (D:5)
  A jelly (D:5)
  An orc priest (D:6)
  Crazy Yiuf (D:6)
  2 orc wizards
  2 iguanas (D:6)
  5 adders
  4 gnolls
  A shadow imp (D:5)
  2 ufetubi
  A worm (D:2)
  2 dart slugs
  13 orcs
  12 ball pythons
  14 endoplasms
  5 giant cockroaches
  11 goblins
  10 hobgoblins
  2 quokkas (D:1)
  11 bats
  A frilled lizard (D:1)
  22 kobolds
  4 rats (D:3)
159 creatures vanquished.

Vanquished Creatures (collateral kills)
  A scorpion (D:5)
  2 goblins (Bailey)
  A kobold (Bailey)
4 creatures vanquished.

Vanquished Creatures (others)
  A plant (D:1)
1 creature vanquished.

Grand Total: 164 creatures vanquished

Notes
Turn   | Place    | Note
-------+----------+-------------------------------------------
     0 | D:1      | frimble the Demonspawn Ice Elementalist began the quest for
                  | the Orb.
     0 | D:1      | Reached XP level 1. HP: 13/13 MP: 3/3
   266 | D:1      | Gained mutation: Your demonic aura sometimes causes spilled
                  | blood to erupt in flames. [demonic ancestry]
   266 | D:1      | Reached XP level 2. HP: 11/19 MP: 5/5
   421 | D:1      | Found a faded altar of an unknown god.
   422 | D:1      | Noticed a floating eye
   424 | D:1      | Noticed an eye of devastation
   424 | D:1      | Noticed an eye of devastation
   424 | D:1      | Noticed a shining eye
   576 | D:1      | Reached skill level 1 in Short Blades
  1039 | D:1      | Reached XP level 3. HP: 24/24 MP: 6/6
  1162 | D:2      | Found a broken altar of Ashenzari.
  1731 | D:2      | Learned a level 3 spell: Frozen Ramparts
  2062 | D:3      | Got the Catalogue of the Numb Zephyr
  2103 | D:3      | Gained mutation: You have an unusually large brain. (Int
                  | +2) [demonic ancestry]
  2103 | D:3      | Reached XP level 4. HP: 18/30 MP: 4/7
  2628 | D:3      | Learned a level 3 spell: Ozocubu's Armour
  2766 | D:3      | Noticed an ice beast
  3204 | D:4      | Found a staircase to the Ecumenical Temple.
  3349 | Temple   | Entered the Ecumenical Temple
  3505 | Temple   | Became a worshipper of Cheibriados the Contemplative
  3610 | D:4      | Noticed a phantom
  3893 | D:4      | Gained mutation: A weak demonic guardian rushes to your
                  | aid. [demonic ancestry]
  3893 | D:4      | Reached XP level 5. HP: 30/35 MP: 8/8
  4037 | D:5      | Entered Level 5 of the Dungeon
  4267 | D:4      | Found a hide-covered altar of Uskayaw.
  4269 | D:4      | Noticed an ogre
  4280 | D:4      | Killed an ogre
  4281 | D:4      | Reached skill level 1 in Fighting
  4281 | D:4      | Reached skill level 5 in Ice Magic
  4329 | D:4      | Reached skill level 2 in Fighting
  4409 | D:4      | Found an opulent altar of Gozag.
  4532 | D:4      | Identified the +9 short sword of Arbitration {vorpal, rF+}
  4570 | D:4      | Killed a phantom
  4571 | D:4      | Reached XP level 6. HP: 43/45 MP: 9/9
  5340 | D:5      | Reached skill level 3 in Fighting
  5424 | D:5      | Reached XP level 7. HP: 34/52 MP: 10/10
  5838 | D:5      | Found a runed translucent gate.
  5839 | D:5      | Found a runed translucent gate.
  5840 | D:5      | Found a runed translucent gate.
  5840 | D:5      | Noticed jlumianski's ghost (novice DsFi)
  5845 | D:5      | Noticed Menkaure
  6035 | D:5      | Killed Menkaure
  6268 | D:6      | Noticed a hornet
  6274 | D:6      | Paralysed by a hornet for 1 turns
  6278 | D:6      | Killed a hornet
  6278 | D:6      | Reached * piety under Cheibriados
  6279 | D:6      | Reached skill level 4 in Fighting
  6279 | D:6      | Reached XP level 8. HP: 33/60 MP: 5/11
  6521 | D:6      | Found an ornate altar of the Wu Jian Council.
  6802 | D:6      | Reached skill level 5 in Short Blades
  6863 | D:6      | Reached skill level 5 in Fighting
  7007 | D:6      | Identified the +3 dagger of Moderation {vorpal, rElec rF-
                  | Dex+6 SInv}
  7407 | D:6      | Reached XP level 9. HP: 68/68 MP: 12/12
  7465 | D:6      | Reached skill level 5 in Stealth
  7578 | D:6      | Found a radiant altar of Vehumet.
  7631 | D:6      | Noticed Grinder
  7633 | D:6      | Paralysed by Grinder for 3 turns
  7646 | D:6      | Killed Grinder
  7664 | D:6      | Found a runed translucent door.
  7665 | D:6      | Noticed Crazy Yiuf
  7814 | D:6      | Killed Crazy Yiuf
  7824 | D:6      | Identified the +6 hammer "Gifont" {vorpal, rC++ Will+ Str+4
                  | Int-5}
  7903 | D:7      | Learned a level 4 spell: Summon Ice Beast
  7946 | D:7      | Reached ** piety under Cheibriados
  7949 | D:7      | Found a burning altar of Makhleb.
  7960 | D:7      | Reached skill level 6 in Fighting
  7960 | D:7      | Reached skill level 1 in Summonings
  7981 | D:7      | Noticed a kobold demonologist
  7985 | D:7      | Noticed a rust devil
  7987 | D:7      | Noticed an orange demon
  7987 | D:7      | Reached skill level 12 in Fighting
  7987 | D:7      | Gained mutation: You have a pair of small antennae on your
                  | head. [demonic ancestry]
  7987 | D:7      | Reached XP level 10. HP: 50/90 MP: 6/13
  8027 | D:7      | Found a flagged portal.
  8036 | Bailey   | Entered a bailey
  8079 | Bailey   | Noticed an orc warlord
  8294 | Bailey   | Reached *** piety under Cheibriados
  8396 | Bailey   | Found a runed translucent gate.
  8398 | Bailey   | Found a runed translucent gate.
  8433 | Bailey   | Found a runed translucent gate.
  8572 | Bailey   | HP: 1/90 [orc warlord/+4 battleaxe (24)]
  8573 | Bailey   | Slain by an orc warlord

Illustrated notes

Levels and vault maps discovered:
D:1:      wander_arrival_fairy_ring, layout_basic,
          hellmonk_ecumenical_altar_watching_god, st_stairs_12, minmay_bisected
D:2:      minmay_chambers_of_ones, layout_basic, basic_altar
D:3:      layout_basic
D:4:      layout_basic, grunt_temple_overflow_open,
          minmay_temple_entry_steel_oval, serial_glass, glass_columns_c,
          glass_columns_a
D:5:      layout_loops_ring, gammafunk_ghost_nasty_kobolds,
          kennysheep_generic_room_10, uniq_menkaure
D:6:      minmay_razor_zed, layout_gridville,
          nicolae_wu_jian_immortal_techniques, vehumet_crystals,
          uniq_crazy_yiuf_cottage, uniq_grinder
D:7:      layout_rooms, fedhas_altar_fruit_tree, makhleb_heckhound_becter,
          enter_bailey_5, grunt_ministairs_14, kennysheep_generic_room_4
Temple:   eino_temple_water
Bailey:   bailey_axe_bossmonster_kennysheep, bailey

Skill      XL: |  1  2  3  4  5  6  7  8  9 10 |
---------------+-------------------------------+-----
Short Blades   | 1 2 3 4 5 6 |  6.4
Ice Magic      | 4 5 6 7 |  7.7
Fighting       | 2 3 4 5 12 | 12.4
Stealth        | 2 3 4 5 |  5.2
Summonings     | 1 2 |  2.5
Dodging        | |  1.8
Spellcasting   | |  2.0

Action                   |  1- 3 |  4- 6 |  7- 9 | 10-12 || total
-------------------------+-------+-------+-------+-------++-------
Melee: Short sword       |   113 |   155 |    85 |    43 ||   396
       Unarmed           |     1 |       |       |       ||     1
       Punch             |     1 |     2 |       |       ||     3
 Cast: Freeze            |    20 |     8 |       |       ||    28
       Frozen Ramparts   |       |     8 |     9 |     4 ||    21
       Ozocubu's Armour  |       |     1 |     3 |     3 ||     7
       Summon Ice Beast  |       |       |       |     3 ||     3
  Use: Scroll            |     2 |     8 |     7 |     4 ||    21
       Potion            |       |     1 |     5 |     3 ||     9
 Stab: Sleeping          |     3 |     2 |     1 |     2 ||     8
       Distracted        |       |     1 |       |       ||     1
Armor: Robe              |    34 |    40 |    22 |    19 ||   115
Dodge: Dodged            |    95 |    90 |    50 |    42 ||   277

Table legend: (Time is in decaauts)
 A = Elapsed time spent in this place.
 B = Non-inter-level travel time spent in this place.
 C = Inter-level travel time spent in this place.
 D = Time resting spent in this place.
 E = Time spent auto-exploring this place.
 F = Levels seen in this place.
 G = Mean time per level.
                   A        B        C        D        E       F      G
               +--------+--------+--------+--------+--------+-----+--------+
         Total |   9476 |   9062 |    414 |    180 |   7512 |   9 | 1052.9 |
       Dungeon |   8657 |   8271 |    386 |    167 |   6927 |   7 | 1236.7 |
        Temple |    176 |    149 |     27 |      0 |    140 |   1 |  176.0 |
        Bailey |    641 |    641 |      0 |     13 |    445 |   1 |  641.0 |
               +--------+--------+--------+--------+--------+-----+--------+

Top non-repeatable levels by time:
     D:6: 2042 daAuts
     D:5: 1572 daAuts
     D:3: 1553 daAuts
     D:4: 1283 daAuts
     D:1: 1163 daAuts
     D:2: 877 daAuts
  Bailey: 641 daAuts
  Temple: 176 daAuts
     D:7: 164 daAuts
